 Dungeon Crawl Stone Soup version 0.30-a0-377-g5cb311bc9f (webtiles) character file.

Game seed: 2149500724722898067

23 sanka the Chopper (level 2, 27/27 HPs)
             Began as a Hill Orc Monk on Nov 28, 2022.
             Was a Believer of Yredelemnul.
             Quit the game on level 2 of the Dungeon.
             The game lasted 00:01:22 (1050 turns).

sanka the Chopper (Hill Orc Monk)                   Turns: 1050, Time: 00:01:23

Health: 27/27      AC:  4    Str: 13    XL:     2   Next: 95%
Magic:  2/2        EV: 16    Int: 10    God:    Yredelemnul [**....]
Gold:   47         SH:  0    Dex: 13    Spells: 1/1 levels left

rFire   . . .      SeeInvis .    a - +0 hand axe
rCold   . . .      Faith    .    (no shield)
rNeg    . . .      Spirit   +    p - +0 leather armour
rPois   +          Reflect  .    (no helmet)
rElec   .          Harm     .    (no cloak)
rCorr   .          Rampage  .    m - +0 pair of gloves
Will    .....                    (no boots)
Stlth   ++........               e - amulet of guardian spirit
HPRegen 0.24/turn                k - ring of poison resistance
MPRegen 0.08/turn                i - +4 ring of evasion

@: no status effects
A: no striking features
a: Renounce Religion, Recall Undead Harvest, Dark Bargain


You were on level 2 of the Dungeon.
You worshipped Yredelemnul.
Yredelemnul was noncommittal.
You visited 1 branch of the dungeon, and saw 2 of its levels.

You collected 47 gold pieces.


   Skills:
 - Level 4.0 Fighting
 + Level 5.1 Axes
 - Level 2.4 Dodging
 - Level 1.5 Stealth


You had one spell level left.
You didn't know any spells.
Your spell library was empty.

Inventory:

Hand Weapons
 a - a +0 hand axe (weapon)
Armour
 m - a +0 pair of gloves (worn)
 p - a +0 leather armour (worn)
Jewellery
 e - an amulet of guardian spirit (around neck)
 i - a +4 ring of evasion (right hand)
 k - a ring of poison resistance (left hand)
Scrolls
 d - 2 scrolls of silence {unknown}
 f - a scroll of magic mapping {unknown}
 o - a scroll of enchant weapon {unknown}
Potions
 c - 2 potions of ambrosia
 g - a potion of haste {unknown}
 h - a potion of curing {unknown}
 j - a potion of mutation {unknown}
 l - a potion of degeneration {unknown}
 n - a potion of invisibility {unknown}

Dungeon Overview and Level Annotations

Branches:
Dungeon (2/15)

Altars:
Yredelemnul

▒..▒ ▒..▒ ▒<.▒
▒..▒ ▒..▒
▒▒▒▒▒..▒
▒.ZZ.Z.▒
▒Z~~~..▒
▒Z~oZ..▒
▒.~ZZ..▒
▒......▒
S............▒
..▒▒▒▒▒▒▒▒▒.▒▒
▒.▒ .▒ .. ▒▒


You could see 2 friendly bat zombies, 2 friendly ball python zombies and 4
friendly adder zombies.


Message History

There is a stone staircase leading down here.
You climb downwards.
Found 2 gold pieces.
There is a stone staircase leading up here.
Unknown command.
Found a gold piece.
Found a faded altar of an unknown god.
Found 2 gold pieces.
You enter the shallow water.
You now have 43 gold pieces (gained 1).
You now have 44 gold pieces (gained 1).
There is a faded altar of an unknown god here.
You enter the shallow water.
You now have 45 gold pieces (gained 1).
You now have 46 gold pieces (gained 1).
There is a faded altar of an unknown god here.
You enter the shallow water.
You now have 47 gold pieces (gained 1).
An adder comes into view.
An adder is nearby!
An adder is nearby!
You enter the shallow water.
There is a faded altar of an unknown god here.
This altar belongs to (a) the Shining One, (b) Fedhas or (c) Yredelemnul, but you can't tell which.
Press the corresponding letter to learn more about a god, or press enter to convert or escape to cancel.
Yredelemnul accepts your prayer! Yredelemnul welcomes you!
You can now trade souls for undead servants.
You can now reap souls.
You can now recall your undead harvest.
Are you sure you want to abandon this character and quit the game? (Confirm with "yes".)

Action                   || total
-------------------------++-------
Melee: Hand axe          ||    73
 Stab: Sleeping          ||     1
Armor: Robe              ||    11
Dodge: Dodged            ||    58

Levels and vault maps discovered:
D:1:      ncdulo_halloftheorcs, layout_basic
D:2:      layout_loops_ring, hellmonk_ecumenical_altar_pennies_from_heaven,
          uniq_sigmund

Notes
Turn   | Place    | Note
-------+----------+-------------------------------------------
     0 | D:1      | sanka the Hill Orc Monk began the quest for the Orb.
     0 | D:1      | Reached XP level 1. HP: 19/19 MP: 1/1
    40 | D:1      | HP: 1/20 [kobold/+0 short sword (2)]
   248 | D:1      | Reached skill level 4 in Fighting
   248 | D:1      | Reached XP level 2. HP: 27/27 MP: 2/2
   769 | D:1      | Reached skill level 5 in Axes
  1029 | D:2      | Found a faded altar of an unknown god.
  1049 | D:2      | Prayed at the altar of an unknown god.
  1049 | D:2      | Became a worshipper of Yredelemnul the Dark
  1049 | D:2      | Reached * piety under Yredelemnul
  1049 | D:2      | Reached ** piety under Yredelemnul
  1050 | D:2      | Quit the game

Vanquished Creatures
  A dart slug (D:1)
  2 ball pythons (D:1)
  A bat (D:1)
  2 goblins (D:1)
  2 jackals (D:1)
  3 kobolds (D:1)
  3 quokkas (D:1)
  3 frilled lizards (D:1)
  2 rats (D:1)
19 creatures vanquished.
